 Dungeon Crawl Stone Soup version 0.29-a0-40-g8eb35efe60 (webtiles) character file.

Game seed: 16955095936183933107

1806 bande the Chopper (level 9, -17/54 HPs)
             Began as a Gargoyle Fighter on Feb 2, 2022.
             Was a Follower of Okawaru.
             Demolished by a gnoll (21 damage)
             ... on level 8 of the Dungeon.
             The game lasted 00:16:28 (7752 turns).

bande the Chopper (Gargoyle Fighter)                Turns: 7752, Time: 00:16:29

Health: -17/54     AC: 38    Str: 20    XL:     9   Next: 9%
Magic:  8/10       EV:  8    Int:  9    God:    Okawaru [*.....]
Gold:   420        SH: 11    Dex: 13    Spells: 8/8 levels left

rFire   + . .      SeeInvis .   a - +1 war axe (protect)
rCold   . . .      Faith    .   c - +0 buckler
rNeg    + . .      Spirit   .   t - +0 plate armour
rPois   ∞          Reflect  +   u - +2 helmet
rElec   +          Harm     .   q - scarf {repulsion}
rCorr   .          Rampage  .   (no gloves)
Will    +....                   h - +1 pair of boots
Stlth   ..........              v - amulet "Gitovec" {Reflect rF+ Regen+ SH+5}
HPRegen 0.98/turn               j - ring of willpower
MPRegen 0.12/turn               y - +4 ring of protection

@: mighty, heroic, under a protective aura, repel missiles
A: sickness immunity, AC +6, negative energy resistance 1, electricity
resistance, torment resistance 1, petrification resistance
a: Renounce Religion, Heroism


You were on level 8 of the Dungeon.
You worshipped Okawaru.
Okawaru was aware of your devotion.
You visited 2 branches of the dungeon, and saw 9 of its levels.

You collected 420 gold pieces.

Inventory:

Hand Weapons
 a - a +1 war axe of protection (weapon)
 r - a +0 war axe
 x - a +2 mace of protection
Missiles
 m - 2 throwing nets (quivered)
Armour
 c - a +0 buckler (worn)
 h - a +1 pair of boots (worn)
 q - a scarf of repulsion (worn)
 t - a +0 plate armour (worn)
 u - a +2 helmet (worn)
Jewellery
 j - a ring of willpower (left hand)
 l - a +6 ring of dexterity
 o - an amulet of the acrobat
 v - the amulet "Gitovec" (around neck) {Reflect rF+ Regen+ SH+5}
   (You found it on level 5 of the Dungeon)

   [amulet of reflection]

   It reflects blocked missile attacks.
   rF:        It protects you from fire.
   Regen:     It increases your rate of health regeneration.
   SH:        It affects your SH (+5).
 w - the ring "Bokk" {Ice Drain rPois Str+8 Stlth-}
   (You found it on level 7 of the Dungeon)

   [ring of ice]

   It enhances your ice magic.
   Str:       It affects your strength (+8).
   rF:        It makes you vulnerable to fire.
   rC:        It protects you from cold.
   rPois:     It protects you from poison.
   Drain:     It drains your maximum health when unequipped.
   Stlth:     It makes you less stealthy.
 y - a +4 ring of protection (right hand)
 C - a ring of protection from cold
Wands
 e - a wand of paralysis (15)
 i - a wand of digging (4)
 n - a wand of flame (19)
Scrolls
 s - a scroll of blinking
 B - a scroll of summoning
Potions
 b - 8 potions of curing
 d - 2 potions of might
 f - 3 potions of haste
 g - 3 potions of brilliance
 k - a potion of flight
 z - a potion of mutation {unknown}
 A - a potion of attraction {unknown}


   Skills:
 + Level 5.5(10.5) Fighting
 + Level 7.0(12.0) Axes
 + Level 5.9(10.9) Armour
 + Level 4.8(9.8) Shields
 * Level 2.2 Invocations
 * Level 4.1 Evocations


You had 8 spell levels left.
You didn't know any spells.
Your spell library contained the following spells:

 Spells                   Type           Power      Damage    Failure   Level
 Slow                     Hex            0%         N/A       100%        1
 Confusing Touch          Hex            0%         N/A       100%        3
 Vampiric Draining        Necr           0%         2d6       100%        3
 Fireball                 Conj/Fire      0%         3d3       100%        5
 Iskenderun's Battlesphe  Conj           0%         2d6       100%        5
 Conjure Ball Lightning   Conj/Air       0%         3x3d6     100%        6
 Orb of Destruction       Conj           0%         9d5       100%        7
 Chain Lightning          Conj/Air       0%         N/A       100%        9
 Fire Storm               Conj/Fire      0%         5d1       100%        9
 Shatter                  Erth           0%         3d5*      100%        9


Dungeon Overview and Level Annotations

Branches:
Dungeon (8/15)             Temple (1/1) D:6
   Lair: D:8-11

Altars:
Cheibriados
Dithmenos
Fedhas
Gozag
Hepliaklqana
Nemelex Xobeh
Okawaru
Ru
Uskayaw
Vehumet
Wu Jian
Xom
Yredelemnul
Zin
The Shining One

Shops:
D:4 !

Annotations:
D:8 Gastronok


Innate Abilities, Weirdness & Mutations

You are immune to sickness and miasma.
Your stone body is resilient. (AC +6)
You are immune to poison.
You resist negative energy. (rN+)
You are resistant to electric shocks. (rElec)
You are resistant to unholy torment.
You are immune to petrification.


Message History

Found a pair of gloves.
There is a stone staircase leading up here.
A gnoll comes into view. It is wielding a +0 whip.
The gnoll shouts!
A gnoll comes into view. It is wielding a +0 flail.
A gnoll comes into view. It is wielding a +0 club.
You open the door.
Gastronok the Ponderous comes into view.
He is wearing a +2 hat of see invisible.
Gastronok gurgles horribly!
An orc wizard comes into view. It is wielding a +0 dagger.
There is an open door here.
You hit Gastronok.
Your weapon exudes an aura of protection.
Gastronok is lightly wounded.
Gastronok chants a spell, wobbling all the while.
You feel much better.
The gnoll hits you with a +2 flail of distortion.
Space warps horribly around you!
You feel very mighty all of a sudden. The gnoll hits you but does no damage.
Space warps around you. Gastronok bites you!!
* * * LOW HITPOINT WARNING * * *
You gain the combat prowess of a mighty hero.
You are no longer corroded.
You block the gnoll's attack. x2
Unknown command.
You slice Gastronok!!
Your weapon exudes an aura of protection.
Gastronok is lightly wounded.
You hit the gnoll. You slash the gnoll!
You kill the gnoll!
Okawaru accepts your kill. You block the gnoll's attack.
You block Gastronok's attack.
You slice Gastronok!!
Gastronok is moderately wounded.
You slash the gnoll!
The gnoll hits you with a +2 flail of distortion.
* * * LOW HITPOINT WARNING * * *
Space warps horribly around you!!
You die...

##...o.##
##......<##
#.........#
+....[....+
#.........#
##.......##
##.....##
##)g.##
##@## #w#
.b. ##..#
...# ....
...# .....


You could see Gastronok, a gnoll and a bat (summoned).

Vanquished Creatures
  A shadow (D:5)
  A steam dragon (D:6)
  A water moccasin (D:4)
  An orc warrior (D:7)
  2 sky beasts
  A bullfrog (D:7)
  A scorpion (D:3)
  A jelly (D:4)
  A bullfrog skeleton (D:3)
  4 centaur skeletons
  A hound (D:5)
  4 orc priests
  A gnoll shaman (D:7)
  6 iguanas
  7 orc wizards
  Robin (D:3)
  10 gnolls
  A howler monkey skeleton (D:4)
  5 adders
  2 shadow imps
  A white imp (Temple)
  An ufetubus (Temple)
  An adder skeleton (D:4)
  4 worms
  A dart slug (D:1)
  20 orcs
  7 ball pythons
  5 bats
  10 endoplasms
  A giant cockroach (D:2)
  11 goblins (D:3)
  9 hobgoblins
  2 jackals (D:5)
  9 kobolds
  4 quokkas
  4 frilled lizards
  20 rats
  A butterfly (D:6)
163 creatures vanquished.

Notes
Turn   | Place    | Note
-------+----------+-------------------------------------------
     0 | D:1      | bande the Gargoyle Fighter began the quest for the Orb.
     0 | D:1      | Reached XP level 1. HP: 14/14 MP: 1/1
   909 | D:1      | Reached XP level 2. HP: 17/19 MP: 2/2
   946 | D:1      | Reached skill level 2 in Axes
  1751 | D:2      | Reached XP level 3. HP: 22/23 MP: 3/3
  1960 | D:2      | Found a glowing golden altar of the Shining One.
  2005 | D:2      | Found a faded altar of an unknown god.
  2810 | D:3      | Reached XP level 4. HP: 29/29 MP: 4/4
  2913 | D:3      | Reached skill level 3 in Axes
  2917 | D:3      | Reached skill level 1 in Evocations
  2917 | D:3      | Reached XP level 5. HP: 31/33 MP: 5/5
  3044 | D:3      | Noticed Robin
  3073 | D:3      | Killed Robin
  3640 | D:3      | Reached XP level 6. HP: 38/38 MP: 6/6
  3662 | D:3      | Reached skill level 4 in Axes
  4645 | D:4      | Found a shimmering altar of Xom.
  4689 | D:4      | Found Tuffuif's Distillery.
  4767 | D:4      | Noticed a water moccasin
  4776 | D:4      | Killed a water moccasin
  4777 | D:4      | Reached XP level 7. HP: 36/44 MP: 7/7
  5039 | D:4      | Reached skill level 5 in Axes
  5534 | D:5      | Entered Level 5 of the Dungeon
  5587 | D:5      | Noticed a shadow
  5600 | D:5      | HP: 1/44 [something (27)]
  5603 | D:5      | Killed a shadow
  5604 | D:5      | Reached skill level 5 in Armour
  5604 | D:5      | Reached XP level 8. HP: 34/48 MP: 8/8
  5811 | D:5      | Identified the amulet "Gitovec" {Reflect rF+ Regen+ SH+5}
  5900 | D:5      | Reached skill level 5 in Fighting
  6432 | D:6      | Reached skill level 6 in Axes
  6681 | D:6      | Found a staircase to the Ecumenical Temple.
  6691 | Temple   | Entered the Ecumenical Temple
  6723 | Temple   | Became a worshipper of Warmaster Okawaru
  7153 | D:7      | Reached skill level 1 in Invocations
  7351 | D:7      | Reached * piety under Okawaru
  7398 | D:7      | Reached XP level 9. HP: 50/54 MP: 10/10
  7459 | D:7      | Reached skill level 7 in Axes
  7461 | D:7      | Identified the ring "Bokk" {Ice Drain rPois Str+8 Stlth-}
  7745 | D:8      | Noticed Gastronok
  7752 | D:8      | Demolished by a gnoll

Illustrated notes

Levels and vault maps discovered:
D:1:      dpeg_arrival_stonehenge_8_columns, layout_basic
D:2:      layout_basic, basic_altar, basic_ecumenical_altar
D:3:      layout_loops_ring, minmay_rat_hole, uniq_robin
D:4:      layout_basic, kennysheep_mini, serial_shops,
          nicolae_inconvenience_store, minmay_fractal_squares_diagonal_5
D:5:      layout_loops_ring
D:6:      layout_rooms, minmay_temple_entry_butterflies
D:7:      layout_cave_pools, uniq_maggie
D:8:      minmay_the_grid_triangle_9x9_rhombus_full
          [minmay_the_grid_triangle_9x9_negative_grid,
          minmay_the_grid_triangle_9x9_cache,
          minmay_the_grid_triangle_9x9_tough_junction,
          minmay_the_grid_triangle_9x9_dagger,
          minmay_the_grid_triangle_9x9_odd_lines,
          minmay_the_grid_triangle_9x9_zippers_horizontal,
          minmay_the_grid_triangle_9x9_alien,
          minmay_the_grid_triangle_9x9_prize_special], layout_loops_corners,
          uniq_pikel, uniq_grum, uniq_gastronok
Temple:   compressed_dpeg_circular_temple

Skill      XL: |  1  2  3  4  5  6  7  8  9 |
---------------+----------------------------+-----
Axes           | 2 3 4 5 6 7 |  7.0
Armour         | 4 5 |  5.9
Evocations     | 1 2 3 4 |  4.1
Fighting       | 4 5 |  5.5
Shields        | 4 |  4.8
Invocations    | 2 |  2.2

Action                   |  1- 3 |  4- 6 |  7- 9 || total
-------------------------+-------+-------+-------++-------
Melee: War axe           |    98 |   204 |   250 ||   552
Invok: Heroism           |       |       |     1 ||     1
  Use: Scroll            |     3 |     4 |    12 ||    19
       Potion            |       |       |     3 ||     3
Armor: Scale mail        |    17 |       |       ||    17
       Chain mail        |    40 |   135 |    15 ||   190
       Plate armour      |       |       |   261 ||   261
Dodge: Dodged            |    25 |    53 |    72 ||   150
       Repelled          |       |       |     4 ||     4
Block: Buckler           |    16 |    51 |   125 ||   192

Table legend: (Time is in decaauts)
 A = Elapsed time spent in this place.
 B = Non-inter-level travel time spent in this place.
 C = Inter-level travel time spent in this place.
 D = Time resting spent in this place.
 E = Time spent auto-exploring this place.
 F = Levels seen in this place.
 G = Mean time per level.
                   A        B        C        D        E       F      G
               +--------+--------+--------+--------+--------+-----+--------+
         Total |   7924 |   7924 |      0 |   1681 |   4648 |   9 |  880.4 |
       Dungeon |   7841 |   7841 |      0 |   1681 |   4648 |   8 |  980.1 |
        Temple |     83 |     83 |      0 |      0 |      0 |   1 |   83.0 |
               +--------+--------+--------+--------+--------+-----+--------+

Top non-repeatable levels by time:
     D:1: 1682 daAuts
     D:3: 1631 daAuts
     D:4: 1210 daAuts
     D:2: 1131 daAuts
     D:5: 908 daAuts
     D:6: 632 daAuts
     D:7: 629 daAuts
  Temple: 83 daAuts
     D:8: 14 daAuts
